 Dungeon Crawl Stone Soup version 0.31.0-4-g52a2dc7128 (webtiles) character file.

Game seed: 13022309442123702527

39 case the Changeling (level 3, -6/28 HPs)
             Began as a Demigod Shapeshifter on Jan 22, 2024.
             Mangled by Terence
             ... wielding a +0 flail
              (8 damage)
             ... on level 3 of the Dungeon.
             The game lasted 00:02:32 (1571 turns).

case the Changeling (Demigod Shapeshifter)          Turns: 1571, Time: 00:02:32

Health: -6/28      AC:  6    Str: 19    XL:     3   Next: 11%
Magic:  5/5        EV: 10    Int: 12    God:
Gold:   131        SH:  0    Dex: 13    Spells: 2/2 levels left

rFire   . .          .
                       - Unarmed
rCold   . . .        (no shield)
rNeg    . . .        o - +0 scale mail
rPois   .            (helmet currently unavailable)
rElec   .            (cloak currently unavailable)
rCorr   .            (gloves currently unavailable)
SInv    .            (boots currently unavailable)
Will    .....        (no amulet) Stlth
                     (no ring)
HPRegen 0.24/turn    (no ring)
MPRegen 0.09/turn

%: no passive effects
@: beast-form, studying Throwing
A: beast (slay +1), high MP 1, forlorn, divine attributes
a: Begin Untransformation


You were on level 3 of the Dungeon.
You were a hulking beast.
You visited 1 branch of the dungeon, and saw 3 of its levels.

You collected 131 gold pieces.

Inventory:

Armour
 a - a +0 animal skin
 j - a +0 leather armour
 o - a +0 scale mail (worn)
Jewellery
 k - a +6 ring of intelligence
Talismans
 c - a beast talisman (active)
 d - a flux talisman
Wands
 p - a wand of paralysis (5)
Scrolls
 f - 2 scrolls of immolation {unknown}
 l - a scroll of blinking {unknown}
 m - a scroll of identify {unknown}
 n - a scroll of revelation {unknown}
Potions
 b - 2 potions of lignification
 e - a potion of enlightenment {unknown}
 g - a potion of curing {unknown}
 h - a potion of resistance {unknown}
 i - a potion of mutation {unknown}


   Skills:
 + Level 1.6 Fighting
 - Level 1.7 Dodging
 * Level 2.9 Unarmed Combat
 * Level 3.3 Shapeshifting


You had 2 spell levels left.
You didn't know any spells.
Your spell library was empty.

Dungeon Overview and Level Annotations

Branches:
Dungeon (3/15)

Shops:
D:1 *

Annotations:
D:3 Terence


Innate Abilities, Weirdness & Mutations

You are a hulking beast.
Your limbs bulge with bestial killing power. (Slay +1)
You have an increased reservoir of magic. (+10% MP)
You shall have no god before yourself.
Your divine heritage dramatically boosts your attributes as you level up.


Message History

You barely miss Terence.
The kobold shouts!
Terence misses you.
You hit Terence. You punch Terence, but do no damage.
Terence is lightly wounded.
You hit Terence but do no damage.
Terence is lightly wounded.
Terence hits you with a +0 flail.
You hit Terence but do no damage.
Terence is lightly wounded.
Terence barely misses you.
You hit Terence.
Terence is heavily wounded.
The kobold barely misses you. Terence hits you but does no damage.
You barely miss the kobold. The kobold barely misses you.
Terence hits you with a +0 flail!
You hit Terence.
Terence is heavily wounded.
The kobold hits you with a +0 whip. Terence closely misses you.
You hit Terence but do no damage.
Terence is heavily wounded.
The kobold hits you with a +0 whip. Terence completely misses you.
You hit Terence but do no damage.
Terence is heavily wounded.
The kobold hits you but does no damage. Terence hits you but does no damage.
You barely miss Terence.
Terence is heavily wounded.
The kobold hits you with a +0 whip. Terence hits you with a +0 flail.
You punch Terence!
Terence is almost dead.
The kobold hits you but does no damage. Terence hits you with a +0 flail.
You closely miss Terence.
Terence is almost dead.
The kobold barely misses you. Terence hits you with a +0 flail!
* * * LOW HITPOINT WARNING * * *
You hit Terence.
Terence is almost dead.
The kobold misses you. Terence hits you with a +0 flail!
You die...
Terence says, "Time to find some more victims."

... # ##........# ##
..........# ######.
.........# #......
........#######.#####
#...............####
#......#####.##.....
##..K@..#.....#######
#$..h.....#####
.....######### .##


You could see Terence and a kobold.

Vanquished Creatures
  An adder (D:2)
  A dart slug (D:1)
  A ribbon worm (D:2)
  2 ball pythons (D:1)
  A bat (D:3)
  An endoplasm (D:1)
  2 giant cockroaches
  2 goblins
  4 hobgoblins
  3 quokkas
  A kobold (D:1)
  4 rats
23 creatures vanquished.

Notes
Turn   | Place    | Note
-------+----------+-------------------------------------------
     0 | D:1      | case the Demigod Shapeshifter began the quest for the Orb.
     0 | D:1      | Reached XP level 1. HP: 15/15 MP: 3/3
    83 | D:1      | Reached skill level 1 in Fighting
   162 | D:1      | Reached skill level 3 in Shapeshifting
   317 | D:1      | Reached XP level 2. HP: 23/23 MP: 4/4
   396 | D:1      | Found Iluddo's Assorted Antiques.
   786 | D:2      | Reached XP level 3. HP: 28/28 MP: 5/5
  1386 | D:3      | Noticed Terence
  1571 | D:3      | Mangled by Terence

Illustrated notes

Levels and vault maps discovered:
D:1:      giann_wishing_wells, layout_rooms, serial_shops,
          nicolae_lakefront_shop
D:2:      layout_loops_corners
D:3:      minmay_bubble_buster, layout_rooms, chequers_ecumenical_altar_simple,
          gup_sewer_entry_pipe, uniq_terence

Skill      XL: |  1 |
---------------+----+-----
Fighting       | 1 |  1.6
Shapeshifting  | 3 |  3.3
Dodging        | |  1.7
Unarmed Combat | |  2.9

Action                     || total
---------------------------++-------
  Melee: Unarmed           ||    98
         Punch             ||     2
   Stab: Sleeping          ||     2
 Armour: Animal skin       ||     8
         Leather armour    ||    23
         Scale mail        ||    24
  Dodge: Dodged            ||    52
   Form: Beast             ||     1
